 Dungeon Crawl Stone Soup version 0.17-a0-1632-g0af21bd (webtiles) character file.

1092 panicbit the Covered (level 8, -6/70 HPs)
             Began as a Minotaur Fighter on Aug 4, 2015.
             Was an Initiate of Okawaru.
             Killed by divine providence
             ... invoked by an orc priest
              (11 damage)
             ... on level 6 of the Dungeon.
             The game lasted 00:14:59 (4188 turns).

panicbit the Covered (Minotaur Fighter)             Turns: 4188, Time: 00:15:00

Health: -6/70      AC:  9    Str: 27    XL:     8   Next: 9%
Magic:  7/7        EV: 10    Int:  5    God:    Okawaru [......]
Gold:   165        SH: 11    Dex: 11    Spells: 0 memorised, 7 levels left

rFire  . . .     SeeInvis .     a - +0 war axe
rCold  . . .     Clarity  .     b - +0 scale mail
rNeg   . . .     SustAt   .     c - +0 shield
rPois  .         Gourm    .     (helmet restricted)
rElec  .         Spirit   .     (no cloak)
rCorr  +         Warding  .     i - +0 pair of gloves
rMut   .         Stasis   .     (no boots)
MR     .....                    t - amulet of resist corrosion
Stlth  ..........               (no ring)
                                (no ring)

@: mighty, not resistant to hostile enchantments, extremely unstealthy
A: retaliatory headbutt, horns 2
a: Renounce Religion


You were on level 6 of the Dungeon.
You worshipped Okawaru.
Okawaru was noncommittal.
You were not hungry.

You visited 2 branches of the dungeon, and saw 7 of its levels.
You also visited: Sewer.

You collected 165 gold pieces.

Inventory:

Hand weapons
 a - a +0 war axe (weapon)
Armour
 b - a +0 scale mail (worn)
 c - a +0 shield (worn)
 i - a +0 pair of gloves (worn)
Jewellery
 t - an amulet of resist corrosion (around neck)
Magical devices
 m - a wand of polymorph (17)
 C - a wand of heal wounds (7)
Scrolls
 f - 4 scrolls of fear {unknown}
 h - a scroll of enchant armour {unknown}
 j - 10 scrolls of identify {unknown}
 k - a scroll of recharging {unknown}
 n - 2 scrolls of blinking {unknown}
 o - 2 scrolls of fog {unknown}
 p - 2 scrolls of teleportation {unknown}
 r - 2 scrolls of random uselessness {unknown}
 s - 2 scrolls of remove curse {unknown}
 y - a scroll of enchant weapon {unknown}
 A - a scroll of noise {unknown}
 B - a scroll of amnesia {unknown}
Potions
 d - a potion of might
 g - a potion of haste {unknown}
 q - 2 potions of mutation {unknown}
 u - 3 potions of beneficial mutation {unknown}
 w - a potion of curing
 x - a potion of cure mutation {unknown}
Comestibles
 e - 4 bread rations
 l - 2 meat rations
 v - 6 chunks of flesh
 z - 3 fruits


   Skills:
 + Level 6.3 Fighting
 + Level 5.9 Axes
 + Level 6.5 Armour
 + Level 3.6 Dodging
 + Level 0.5 Stealth
 + Level 6.0 Shields


You had 7 spell levels left.
You didn't know any spells.

Dungeon Overview and Level Annotations

Branches:
Dungeon (6/15)             Temple (1/1) D:5

Altars:
Fedhas
Nemelex Xobeh
Okawaru
Sif Muna
Trog
The Shining One

Annotations:
D:2 Sigmund


Innate Abilities, Weirdness & Mutations

You reflexively headbutt those who attack you in melee.
You have a pair of horns on your head.


Message History

Your shield and scale mail prevent you from hitting the orc wizard.
You headbutt the orc wizard!
You kill the orc wizard!
Okawaru accepts your kill.
Your shield and scale mail prevent you from hitting the ogre.
The ogre hits you with a giant club!
* * * LOW HITPOINT WARNING * * *
The orc hits you with a hand axe.
* * * LOW HITPOINT WARNING * * *
The ogre hits you with a giant club.
* * * LOW HITPOINT WARNING * * *
The orc priest mumbles some strange prayers to Beogh against you.
Something smites you!
* * * LOW HITPOINT WARNING * * *
Drink which item? (? for menu, Esc to quit)
You feel very mighty all of a sudden. The ogre closely misses you.
You furiously retaliate!
You headbutt the ogre!
The orc priest invokes the aid of Beogh against you.
Something smites you!
You die...

### ### ### #### ##.# ####
##.# #.#####o.####.## ##..#
##.## #..#.o.#.....##
##...###.##
##.oo####.o....####.....###.#
###..###
#.................#.# ....##
#.#oO...............## .#..#
#..##.................#
....##
#.#####@..............##
...o.## .. ##................
....o)# #.. #.........#......
......)....#
#...........#.....
............#
.................#
.............
#..............#
............. ........#.....#
............# .....####......
.....#..###.# ....# #......


You could see an ogre, an orc priest and 2 orcs.

Vanquished Creatures
  Duvessa (D:5)
  2 ogres
  A centaur (D:5)
  Dowan (D:5)
  A scorpion (D:5)
  A hound (D:5)
  A centaur skeleton (D:4)
  2 iguanas (D:4)
  Jessica (D:3)
  4 orc wizards
  5 worker ants
  A hound skeleton (D:5)
  A worker ant zombie (D:6)
  6 adders
  3 river rats
  2 shadow imps
  3 oozes (Sewer)
  An adder zombie (D:6)
  2 adder skeletons (D:4)
  3 worms (Sewer)
  5 giant geckos
  19 orcs
  8 ball pythons
  5 giant cockroaches
  3 hobgoblins
  13 jackals
  A quokka (D:3)
  A ball python skeleton (D:4)
  6 bats
  A giant gecko skeleton (D:6)
  7 giant newts
  4 goblins
  14 kobolds
  6 rats
135 creatures vanquished.

Notes
Turn   | Place    | Note
--------------------------------------------------------------
     0 | D:1      | panicbit the Minotaur Fighter began the quest for the Orb.
     0 | D:1      | Reached XP level 1. HP: 19/19 MP: 0/0
    83 | D:1      | Reached skill level 4 in Fighting
   122 | D:1      | Reached XP level 2. HP: 14/27 MP: 1/1
   486 | D:2      | Noticed Sigmund
   534 | D:2      | Reached XP level 3. HP: 29/33 MP: 2/2
   850 | D:2      | Reached skill level 1 in Dodging
   905 | D:3      | Found a glowing drain.
   935 | Sewer    | Entered a sewer
   948 | Sewer    | Reached XP level 4. HP: 38/40 MP: 3/3
  1339 | Sewer    | Reached XP level 5. HP: 41/47 MP: 4/4
  1878 | D:3      | Noticed Jessica
  1887 | D:3      | Killed Jessica
  2295 | D:4      | Reached XP level 6. HP: 46/53 MP: 5/5
  2370 | D:4      | Reached skill level 5 in Armour
  2547 | D:4      | Reached skill level 5 in Shields
  2706 | D:4      | Reached skill level 5 in Fighting
  2854 | D:5      | Entered Level 5 of the Dungeon
  3134 | D:5      | Reached XP level 7. HP: 58/61 MP: 6/6
  3244 | D:5      | Reached skill level 5 in Axes
  3311 | D:5      | Reached skill level 6 in Armour
  3326 | D:5      | Found a bloodstained altar of Trog.
  3565 | D:5      | Found a staircase to the Ecumenical Temple.
  3565 | D:5      | Noticed Dowan
  3566 | D:5      | Noticed Duvessa
  3572 | Temple   | Entered the Ecumenical Temple
  3653 | Temple   | Became a worshipper of Warmaster Okawaru
  3678 | D:5      | Killed Duvessa
  3685 | D:5      | Killed Dowan
  4040 | D:6      | Reached XP level 8. HP: 51/70 MP: 7/7
  4179 | D:6      | HP: 3/70 [orc priest/divine providence (11)]
  4188 | D:6      | Killed from afar by an orc priest

Vault maps used:
D:1:      dpeg_arrival_yet_another_circle
D:2:      small_statue_intersection, minmay_misc_feat_roman, uniq_sigmund,
          uniq_natasha
D:3:      portal_sewer_entry_a, corexii_shack, uniq_jessica
D:4:      first_bread
D:5:      old_standard_altar, minmay_temple_entry_butterflies, minivault_14,
          minmay_misc_feat_four_crosses, uniq_duvessa
D:6:      centaur_isle, uniq_edmund
Temple:   chambers_temple_14
Sewer:    sewer_co_15_rooms

Action                   |  1- 3 |  4- 6 |  7- 9 || total
-------------------------+-------+-------+-------++-------
Melee: War axe           |    87 |   170 |    95 ||   352
  Use: Potion            |       |     5 |     1 ||     6
  Eat: Chunk             |       |     7 |     4 ||    11
